 Dungeon Crawl Stone Soup version 0.30-a0-462-gd5975efbca (webtiles) character file.

Game seed: 15256213322785875270

23 PyroL the Grasshopper (level 2, -2/25 HPs)
             Began as a Draconian Warper on Dec 16, 2022.
             Slain by a gnoll
             ... wielding a +0 club
              (5 damage)
             ... on level 1 of the Dungeon.
             The game lasted 00:00:51 (452 turns).

PyroL the Grasshopper (Draconian Warper)             Turns: 452, Time: 00:00:51

Health: -2/25      AC:  4    Str: 13    XL:     2   Next: 72%
Magic:  5/5        EV: 12    Int: 13    God:
Gold:   32         SH:  0    Dex: 10    Spells: 5/5 levels left

rFire   . . .      SeeInvis .    a - +0 mace
rCold   . . .      Faith    .    (no shield)
rNeg    . . .      Spirit   .    (body armour unavailable)
rPois   .          Reflect  .    (helmet restricted)
rElec   .          Harm     .    (no cloak)
rCorr   .          Rampage  .    (no gloves)
Will    .....                    (no boots)
Stlth   +.........               (no amulet)
HPRegen 0.24/turn                (no ring)
MPRegen 0.09/turn                (no ring)

@: no status effects
A: AC +4, unfitting armour, cold-blooded
a: no special abilities


You were on level 1 of the Dungeon.
You visited 1 branch of the dungeon, and saw 1 of its levels.

You collected 32 gold pieces.

Inventory:

Hand Weapons
 a - a +0 mace (weapon)
Missiles
 c - 7 boomerangs of dispersal (quivered)
Scrolls
 b - a scroll of blinking
 e - a scroll of identify {unknown}
 f - a scroll of teleportation {unknown}
Potions
 d - 2 potions of curing {unknown}


   Skills:
 + Level 2.6 Fighting
 - Level 2.0 Maces & Flails
 - Level 0.8 Throwing
 - Level 2.1 Dodging
 + Level 2.3 Spellcasting
 * Level 3.5 Translocations


You had 5 spell levels left.
You didn't know any spells.
Your spell library contained the following spells:

 Spells                   Type           Power      Damage    Failure   Level
 Apportation              Tloc           20%        N/A       6%          1
 Blink                    Tloc           20%        N/A       9%          2
 Lesser Beckoning         Tloc           20%        N/A       17%         3
 Teleport Other           Tloc           10%        N/A       17%         3
 Necrotise                Necr           4%         1d4       26%         1
 Summon Small Mammal      Summ           4%         N/A       26%         1
 Vhi's Electric Charge    Tloc/Air       12%        N/A       34%         3
 Manifold Assault         Tloc           10%        N/A       50%         4


Dungeon Overview and Level Annotations

Branches:
Dungeon (1/15)

Altars:


Innate Abilities, Weirdness & Mutations

Your plain brown scales are hard. (AC +4)
You cannot fit into any form of body armour.
You are cold-blooded and may be slowed by cold attacks.


Message History

You closely miss the giant cockroach. You tail-slap the giant cockroach.
You kill the giant cockroach!
The giant cockroach closely misses you. The gnoll hits you with a +0 club.
You hit the gnoll. You tail-slap the gnoll.
The gnoll is heavily wounded.
The giant cockroach bites you but does no damage.
The gnoll closely misses you. The giant cockroach barely misses you.
You hit the gnoll.
The gnoll is heavily wounded.
The gnoll hits you but does no damage. The giant cockroach closely misses you.
You hit the gnoll.
You tail-slap the gnoll, but do no damage.
The gnoll is heavily wounded.
The giant cockroach closely misses you. The gnoll hits you with a +0 club.
The giant cockroach barely misses you. The gnoll closely misses you.
You barely miss the gnoll.
The gnoll is heavily wounded.
The giant cockroach misses you. The gnoll hits you with a +0 club.
* * * LOW HITPOINT WARNING * * *
Unknown command.
The giant cockroach misses you. The gnoll attacks as you move away!
The gnoll completely misses you.
You hit the gnoll but do no damage.
The gnoll is heavily wounded.
The gnoll hits you with a +0 club.
* * * LOW HITPOINT WARNING * * *
You hit the gnoll but do no damage.
The gnoll is heavily wounded.
The gnoll hits you with a +0 club.
* * * LOW HITPOINT WARNING * * *
The gnoll closely misses you.
You hit the gnoll. You tail-slap the gnoll.
The gnoll is severely wounded.
The gnoll hits you but does no damage.
Unknown command.
You barely miss the gnoll.
You tail-slap the gnoll, but do no damage.
The gnoll is severely wounded.
The gnoll hits you with a +0 club.
You die...

#.#.# ####### #!#.#####
#.....# #........ #.###.#
####...# #.###.####......#
#..........##...#### #
#.###.....B.†........#
###.#.#.########g#########..
...........# #@#
#######.##.## #.#
###.....####.####
#..........†.....# #
#.##.##..####.##.... #.##..#
#.# .## ##.##..####.##..#
#...............#
#...........##..#


You could see a gnoll and a giant cockroach.

Vanquished Creatures
  A bat (D:1)
  An endoplasm (D:1)
  2 giant cockroaches (D:1)
  2 goblins (D:1)
  2 hobgoblins (D:1)
  4 jackals (D:1)
  A kobold (D:1)
  4 ball pythons (D:1)
  2 frilled lizards (D:1)
  A rat (D:1)
20 creatures vanquished.

Notes
Turn   | Place    | Note
-------+----------+-------------------------------------------
     0 | D:1      | PyroL the Draconian Warper began the quest for the Orb.
     0 | D:1      | Reached XP level 1. HP: 17/17 MP: 3/3
   173 | D:1      | Found a faded altar of an unknown god.
   259 | D:1      | Reached XP level 2. HP: 14/25 MP: 5/5
   452 | D:1      | Slain by a gnoll

Illustrated notes

Levels and vault maps discovered:
D:1:      saegor_arrival_simple_d, layout_loops_ring, serial_shops,
          nicolae_lakefront_shop, basic_ecumenical_altar

Action                   || total
-------------------------++-------
Melee: Mace              ||    71
       Tailslap          ||    15
Armor: Skin              ||    27
Dodge: Dodged            ||    60

Table legend: (Time is in decaauts)
 A = Elapsed time spent in this place.
 B = Non-inter-level travel time spent in this place.
 C = Inter-level travel time spent in this place.
 D = Time resting spent in this place.
 E = Time spent auto-exploring this place.
 F = Levels seen in this place.
 G = Mean time per level.
                   A        B        C        D        E       F      G
               +--------+--------+--------+--------+--------+-----+--------+
         Total |    475 |    475 |      0 |     28 |    296 |   1 |  475.0 |
       Dungeon |    475 |    475 |      0 |     28 |    296 |   1 |  475.0 |
               +--------+--------+--------+--------+--------+-----+--------+

Top non-repeatable levels by time:
     D:1: 475 daAuts
